 Dungeon Crawl Stone Soup version 0.30-a0-737-gf23d94013f (webtiles) character file.

Game seed: 8774585622527002229

337 retardedninja the Trooper (level 6, -2/39 HPs)
             Began as a Gargoyle Fighter on Feb 1, 2023.
             Slain by Menkaure (5 damage)
             ... on level 4 of the Dungeon.
             The game lasted 00:03:58 (2428 turns).

retardedninja the Trooper (Gargoyle Fighter)        Turns: 2428, Time: 00:03:59

Health: -2/39      AC: 15    Str: 21    XL:     6   Next: 54%
Magic:  6/6        EV:  7    Int:  9    God:
Gold:   157        SH:  4    Dex:  9    Spells: 5/5 levels left

rFire   . . .      SeeInvis .    a - +0 flail
rCold   . . .      Faith    .    c - +0 buckler
rNeg    + . .      Spirit   .    m - +0 chain mail
rPois   ∞          Reflect  .    (no helmet)
rElec   +          Harm     .    (no cloak)
rCorr   .          Rampage  .    (no gloves)
Will    .....                    e - +0 pair of boots Stlth
                                 (no amulet)
HPRegen 0.26/turn                (no ring)
MPRegen 0.10/turn                (no ring)

@: no status effects
A: sickness immunity, AC +4, negative energy resistance 1, electricity
resistance, torment resistance 1, petrification resistance
a: no special abilities


You were on level 4 of the Dungeon.
You visited 1 branch of the dungeon, and saw 4 of its levels.

You collected 157 gold pieces.

Inventory:

Hand Weapons
 a - a +0 flail (weapon)
Armour
 c - a +0 buckler (worn)
 e - a +0 pair of boots (worn)
 m - a +0 chain mail (worn)
Scrolls
 b - a scroll of vulnerability {unknown}
 g - a scroll of magic mapping
 i - a scroll of fog {unknown}
Potions
 d - a potion of brilliance {unknown}
 f - a potion of curing
 k - a potion of resistance {unknown}
 l - a potion of attraction


   Skills:
 + Level 4.5 Fighting
 * Level 4.4 Maces & Flails
 + Level 4.5 Armour
 + Level 4.5 Shields


You had 5 spell levels left.
You didn't know any spells.
Your spell library contained the following spells:

 Spells                   Type           Power      Damage    Failure   Level
 Apportation              Tloc           0%         N/A       99%         1
 Static Discharge         Conj/Air       0%         2-2/arc   100%        2
 Tukima's Dance           Hex            0%         N/A       100%        3
 Vhi's Electric Charge    Tloc/Air       0%         N/A       100%        3
 Passage of Golubria      Tloc           0%         N/A       100%        4
 Alistair's Intoxication  Tmut/Pois      0%         N/A       100%        5
 Arcjolt                  Conj/Air       0%         1d10      100%        5
 Lightning Bolt           Conj/Air       0%         1d11      100%        5
 Yara's Violent Unravell  Hex/Tmut       0%         3d3       100%        5


Dungeon Overview and Level Annotations

Branches:
Dungeon (4/15)             Temple (0/1) D:4

Altars:
Makhleb
Okawaru

Shops:
D:1 [   D:3 [

Annotations:
D:4 Menkaure


Innate Abilities, Weirdness & Mutations

You are immune to sickness and miasma.
Your stone body is resilient. (AC +4)
You are immune to poison.
You resist negative energy. (rN+)
You are resistant to electric shocks. (rElec)
You are resistant to unholy torment.
You are immune to petrification.


Message History

The adder bites you but does no damage. The gnoll hits you but does no damage.
The adder bites you but does no damage.
You closely miss the adder.
The adder is almost dead.
Menkaure calls on the powers of darkness!
The gnoll convulses! x2; Your body is wracked with pain!
The adder bites you but does no damage.
The gnoll hits you from afar with a +0 spear.
You sock the adder!
You kill the adder!
The gnoll hits you from afar with a +0 spear.
* * * LOW HITPOINT WARNING * * *
You hit Menkaure but do no damage.
Menkaure is lightly damaged.
Menkaure hits you but does no damage. You block the gnoll's attack.
The gnoll hits you but does no damage. You block Menkaure's attack.
The gnoll hits you but does no damage. The gnoll barely misses you.
You feel better. Menkaure hits you. The gnoll barely misses you.
The gnoll hits you but does no damage.
As you read the scroll labelled QIT HAUDUIR, it crumbles to dust.
You feel aware of your surroundings.
It was a scroll of magic mapping.
Menkaure hits you but does no damage. The gnoll barely misses you.
You block the gnoll's attack.
You barely miss Menkaure.
Menkaure is lightly damaged.
Menkaure hits you!
* * * LOW HITPOINT WARNING * * *
The gnoll completely misses you. x2; Menkaure hits you.
* * * LOW HITPOINT WARNING * * *
You closely miss Menkaure.
Menkaure is lightly damaged.
Menkaure hits you but does no damage. You block the gnoll's attack.
The gnoll hits you but does no damage.
You barely miss Menkaure.
Menkaure is lightly damaged.
Menkaure barely misses you. The gnoll closely misses you.
The gnoll hits you from afar with a +0 spear.
* * * LOW HITPOINT WARNING * * *
Menkaure hits you.
You die...

..................'',,...........
.#<...............#*,,...........
#...#........8>8..#####..........
........................#........
.....####...............#........
........#.......).......###......
...............gg#...............
#............###M#.......#....###
#...........,#..@........##....##
............,#......##...####...#
............,#......##...# ###..
............,#...........# #####.
....#............##.....####..#..
....#...................###.†...#
...)..................#.##∩_^.###
...)..................#.###..###.
........................######...


You could see Menkaure (fast) and 2 gnolls.

Vanquished Creatures
  A scorpion (D:4)
  A hound (D:4)
  2 orc priests
  Ijyb (D:4)
  Jessica (D:3)
  4 adders
  A gnoll (D:4)
  An ufetubus (D:2)
  3 worms
  2 dart slugs (D:1)
  11 orcs
  5 ball pythons (D:1)
  8 endoplasms (D:1)
  3 goblins
  8 hobgoblins
  2 jackals (D:1)
  4 kobolds
  3 quokkas
  4 bats
  2 frilled lizards
  3 rats
70 creatures vanquished.

Notes
Turn   | Place    | Note
-------+----------+-------------------------------------------
     0 | D:1      | retardedninja the Gargoyle Fighter began the quest for the
                  | Orb.
     0 | D:1      | Reached XP level 1. HP: 14/14 MP: 1/1
    81 | D:1      | Reached XP level 2. HP: 19/19 MP: 2/2
   279 | D:1      | Found Abomeats's Armour Boutique.
   410 | D:1      | Reached XP level 3. HP: 19/23 MP: 3/3
   668 | D:1      | You fall into a shaft and drop 1 floor!
  1358 | D:3      | Reached XP level 4. HP: 26/29 MP: 4/4
  1482 | D:3      | Noticed Jessica
  1488 | D:3      | Killed Jessica
  1489 | D:3      | Reached XP level 5. HP: 28/33 MP: 5/5
  1657 | D:3      | Found Esijebodism's Armour Shoppe.
  2037 | D:4      | Noticed Menkaure
  2075 | D:4      | Reached XP level 6. HP: 35/39 MP: 6/6
  2090 | D:4      | Noticed Ijyb
  2131 | D:4      | Killed Ijyb
  2281 | D:4      | Found an iron altar of Okawaru.
  2361 | D:4      | Found a burning altar of Makhleb.
  2390 | D:4      | Found a staircase to the Ecumenical Temple.
  2428 | D:4      | Slain by Menkaure

Illustrated notes

Levels and vault maps discovered:
D:1:      minmay_arrival_jagged, layout_loops_ring, serial_shops,
          nicolae_shop_competitors_out_of_business, minmay_misc_feat_alley,
          minmay_tetromino_l4
D:2:      layout_rooms
D:3:      layout_basic, serial_shops, nicolae_shop_stone, uniq_jessica
D:4:      layout_basic, mainiacjoe_overflow_alcove_2,
          makhleb_blood_cavern_becter, temple_statues, uniq_menkaure, uniq_ijyb

Skill      XL: |  1  2  3  4  5 |
---------------+----------------+-----
Maces & Flails | 3 4 |  4.4
Fighting       | 4 |  4.5
Armour         | 4 |  4.5
Shields        | 4 |  4.5

Action                     |  1- 3 |  4- 6 || total
---------------------------+-------+-------++-------
  Melee: Flail             |   110 |   152 ||   262
    Use: Scroll            |       |     4 ||     4
         Potion            |       |     6 ||     6
 Armour: Scale mail        |    70 |    45 ||   115
         Chain mail        |       |   104 ||   104
  Dodge: Dodged            |    48 |   100 ||   148
  Block: Buckler           |    20 |    43 ||    63

Table legend: (Time is in decaauts)
 A = Elapsed time spent in this place.
 B = Non-inter-level travel time spent in this place.
 C = Inter-level travel time spent in this place.
 D = Time resting spent in this place.
 E = Time spent auto-exploring this place.
 F = Levels seen in this place.
 G = Mean time per level.
                   A        B        C        D        E       F      G
               +--------+--------+--------+--------+--------+-----+--------+
         Total |   2500 |   2377 |    123 |    225 |   1510 |   4 |  625.0 |
       Dungeon |   2500 |   2377 |    123 |    225 |   1510 |   4 |  625.0 |
               +--------+--------+--------+--------+--------+-----+--------+

Top non-repeatable levels by time:
     D:1: 977 daAuts
     D:3: 701 daAuts
     D:2: 426 daAuts
     D:4: 395 daAuts
